 Dungeon Crawl Stone Soup version 0.31-a0-844-gdc52ec4e09 (webtiles) character file.

Game seed: 5087617751405203400

2 Bravepunisher the Ducker (level 1, 0/11 HPs)
             Began as a Spriggan Monk on Sept 29, 2023.
             Splashed by a jelly's acid (6 damage)
             ... on level 4 of the Dungeon.
             The game lasted 00:01:26 (386 turns).

Bravepunisher the Ducker (Spriggan Monk)             Turns: 386, Time: 00:01:26

Health: 0/11       AC:  2    Str:  7    XL:     1   Next: 33%
Magic:  2/2        EV: 15    Int: 11    God:
Gold:   48         SH:  0    Dex: 17    Spells: 0/0 levels left

rFire   . . .        a - +0 short sword
rCold   . . .        (no shield)
rNeg    . . .        b - +0 robe
rPois   .            (helmet restricted)
rElec   .            (no cloak)
rCorr   .            (gloves unavailable)
SInv    +            (boots unavailable)
Will    .....        (no amulet)
Stlth   ++           (no ring)
HPRegen 0.21/turn    (no ring)
MPRegen 0.08/turn

%: no passive effects
@: constricted, very quick
A: very small, no large weapons, unfitting armour, see invisible, speed 3
a: no special abilities


You were on level 4 of the Dungeon.
You visited 1 branch of the dungeon, and saw 5 of its levels.

You collected 48 gold pieces.

Inventory:

Hand Weapons
 a - a +0 short sword (weapon)
Armour
 b - a +0 robe (worn)
Scrolls
 d - a scroll of noise {unknown}
Potions
 c - a potion of ambrosia


   Skills:
 * Level 2.5 Fighting
 - Level 3.2 Short Blades
 + Level 4.1 Dodging


You couldn't memorise any spells.
You didn't know any spells.
Your spell library contained the following spells:

 Spells                   Type           Power      Damage    Failure   Level
 Dazzling Flash           Conj/Hex       0%         N/A       71%         3
 Inner Flame              Hex/Fire       0%         N/A       71%         3
 Volatile Blastmotes      Fire/Tloc      0%         2d10      71%         3
 Yara's Violent Unravell  Hex/Tmut       0%         3d3       100%        5
 Starburst                Conj/Fire      0%         6d3       100%        6
 Enfeeble                 Hex            0%         N/A       100%        7
 Maxwell's Capacitive Co  Air            0%         ∞         100%        8


Dungeon Overview and Level Annotations

Branches:
Dungeon (5/15)
 Temple: D:4-7

Altars:


Innate Abilities, Weirdness & Mutations

You are very small and have problems with some larger weapons.
You are too small for most types of armour.
You have supernaturally acute eyesight. (SInv)
You cover ground extremely quickly. (Speed+++)


Message History

The kobold shouts!
The kobold hits you but does no damage.
You barely miss the kobold. The kobold barely misses you.
Found 10 gold pieces.
The kobold hits you with a +0 whip.
Found an escape hatch in the ceiling.
Found 8 gold pieces and a great mace.
The kobold attacks as it pursues you! The kobold hits you with a +0 whip.
A black bear comes into view.
The black bear growls angrily.
The kobold closely misses you.
You see here 8 gold pieces.
A ball python comes into view.
The ball python hisses angrily.
You hit the ball python.
You kill the ball python!
You see here a ball python corpse.
Found a red potion.
A ball python comes into view.
Found a stone staircase leading up.
There is an escape hatch in the ceiling here.
Found 13 gold pieces.
You now have 48 gold pieces (gained 13).
A worm comes into view.
The ball python hisses angrily.
The ball python attacks as it pursues you!
The ball python bites you but does no damage.
The ball python closely misses you.
You open the door.
A jelly comes into view.
The jelly quivers.
You barely miss the ball python. The ball python closely misses you.
The ball python grabs you. The ball python constricts you.
You hit the ball python but do no damage.
The ball python barely misses you. The ball python constricts you.
The ball python bites you but does no damage.
The ball python constricts you.
You closely miss the ball python. The jelly hits you.
You are splashed with acid.
Ouch! That really hurt!
You die...

##+### ########## #§.§≈#
........... #§.#.+ #
#..!~~.###. .#.≈# .###
...~~..# #.# ≈.≈ #...
#.~~!..###.# #J##..
...~~..##... #@#.# ####.
#.~~...##..######S##......
#.!....##...w..........#
##.#.####...###...#####.#
#S.........# #.###
######..# #.#
##########..# #.#
............# #.#
######.##### #.#


You could see a jelly and a ball python.

Vanquished Creatures
  An endoplasm (D:1)
  A ball python (D:4)
  A kobold (D:4)
3 creatures vanquished.

Notes
Turn   | Place    | Note
-------+----------+-------------------------------------------
     0 | D:1      | Bravepunisher the Spriggan Monk began the quest for the
                  | Orb.
     0 | D:1      | Reached XP level 1. HP: 11/11 MP: 2/2
   191 | D:4      | Noticed a scorpion
   209 | D:5      | Entered Level 5 of the Dungeon
   209 | D:5      | Noticed a phantom
   284 | D:4      | Noticed a black bear
   383 | D:4      | Noticed a jelly
   386 | D:4      | Splashed by a jelly's acid

Illustrated notes

Levels and vault maps discovered:
D:1:      psy_arrival_radial01, layout_basic
D:2:      layout_rooms, serial_glass, glass_columns_a, glass_columns_c,
          item_on_display_b, item_on_display_a
D:3:      cheibrodos_helix_gallery, layout_basic, trog_three_pillars_becter,
          cheibrodos_sewer_entry_drain, hellmonk_ecumenical_altar_blasted
D:4:      layout_loops_ring, dk_vineyard_3, kennysheep_generic_room_14,
          uniq_pikel, uniq_crazy_yiuf_cottage, uniq_natasha
D:5:      layout_cave_pools, mainiacjoe_overflow_tiny_flanked,
          minmay_temple_entry_mist

Action                     || total
---------------------------++-------
  Melee: Short sword       ||    14
 Armour: Robe              ||     7
  Dodge: Dodged            ||     9

Table legend: (Time is in decaauts)
 A = Elapsed time spent in this place.
 B = Non-inter-level travel time spent in this place.
 C = Inter-level travel time spent in this place.
 D = Time resting spent in this place.
 E = Time spent auto-exploring this place.
 F = Levels seen in this place.
 G = Mean time per level.
                   A        B        C        D        E       F      G
               +--------+--------+--------+--------+--------+-----+--------+
         Total |    253 |    241 |     12 |      0 |     82 |   5 |   50.6 |
       Dungeon |    253 |    241 |     12 |      0 |     82 |   5 |   50.6 |
               +--------+--------+--------+--------+--------+-----+--------+

Top non-repeatable levels by time:
     D:4: 124 daAuts
     D:1: 111 daAuts
     D:3: 10 daAuts
     D:2: 4 daAuts
     D:5: 1 daAuts
